 Dungeon Crawl Stone Soup version 0.28-a0-563-gf77a47075d (webtiles) character file.

Game seed: 3677389800380225783

354 avis the Cleaver (level 6, 0/57 HPs)
             Began as a Hill Orc Monk on Sept 30, 2021.
             Was a Believer of Beogh.
             Shot with an arrow by a centaur (2 damage)
             ... on level 5 of the Dungeon.
             The game lasted 00:15:17 (5713 turns).

avis the Cleaver (Hill Orc Monk)                    Turns: 5713, Time: 00:15:19

Health: 0/57       AC: 15    Str: 16    XL:     6   Next: 63%
Magic:  6/6        EV:  7    Int: 10    God:    Beogh [**....]
Gold:   170        SH:  0    Dex: 13    Spells: 5/5 levels left

rFire   . . .      SeeInvis .   a - +3 hand axe
rCold   . . .      Faith    .   (no shield)
rNeg    . . .      Spirit   .   i - +0 chain mail
rPois   .          Reflect  .   q - +0 helmet
rElec   .          Harm     .   x - +0 cloak
rCorr   +          Rampage  .   o - +0 pair of gloves
Will    .....                   (no boots)
Stlth   ..........              p - amulet of magic regeneration
HPRegen 0.19/turn               m - +4 ring of protection
MPRegen 0.35/turn               r - ring of resist corrosion

@: no status effects
A: no striking features
a: Renounce Religion, Smiting


You were on level 5 of the Dungeon.
You worshipped Beogh.
Beogh was pleased with you.
You visited 1 branch of the dungeon, and saw 5 of its levels.

You collected 170 gold pieces.

Inventory:

Hand Weapons
 a - a +3 hand axe (weapon)
 n - a +0 spear
Missiles
 c - 11 sling bullets
 f - 148 stones (quivered)
 t - 52 arrows
Armour
 e - a +0 plate armour
 i - a +0 chain mail (worn)
 o - a +0 pair of gloves (worn)
 q - a +0 helmet (worn)
 u - a +0 chain mail
 x - a +0 cloak (worn)
Jewellery
 m - a +4 ring of protection (left hand)
 p - an amulet of magic regeneration (around neck)
 r - a ring of resist corrosion (right hand)
Scrolls
 g - a scroll of silence {unknown}
 j - 2 scrolls of enchant armour {unknown}
 w - a scroll of blinking {unknown}
Potions
 b - a potion of brilliance {unknown}
 d - a potion of ambrosia {unknown}
 k - a potion of mutation {unknown}
 l - a potion of might {unknown}
 s - a potion of flight {unknown}
 v - a potion of heal wounds {unknown}


   Skills:
 + Level 5.7 Fighting
 * Level 8.1 Axes
 - Level 2.4 Dodging
 - Level 1.5 Stealth


You had 5 spell levels left.
You didn't know any spells.
Your spell library contained the following spells:

 Spells                   Type           Power      Damage    Failure   Level
 Slow                     Hex            0%         N/A       100%        2
 Confusing Touch          Hex            0%         N/A       100%        3
 Yara's Violent Unravell  Hex/Tmut       0%         3d3       100%        5


Dungeon Overview and Level Annotations

Branches:
Dungeon (5/15)
 Temple: D:4-7

Altars:
Kikubaaqudgha
Ru
Uskayaw
The Shining One

Shops:
D:1 ([!(

Annotations:
D:2 1 runed translucent door, Crazy Yiuf


Message History

The arrow hits you. The centaur barely misses you.
The centaur kicks you but does no damage.
You slash the centaur!
The centaur is heavily wounded.
The centaur shoots an arrow.
The arrow hits you. The centaur closely misses you.
The centaur kicks you but does no damage.
You slash the centaur!
The centaur is almost dead.
The centaur shoots an arrow.
The arrow hits you. The centaur barely misses you.
The centaur kicks you but does no damage.
The centaur shoots an arrow.
The arrow hits you.
You hit the centaur but do no damage.
The centaur is almost dead.
The centaur hits you. The centaur kicks you.
The centaur shoots an arrow.
The arrow hits you!
* * * LOW HITPOINT WARNING * * *
The centaur hits you but does no damage.
The centaur kicks you but does no damage.
You barely miss the centaur.
The centaur is almost dead.
The centaur shoots an arrow.
The arrow hits you!
* * * LOW HITPOINT WARNING * * *
The centaur hits you but does no damage.
The centaur kicks you.
* * * LOW HITPOINT WARNING * * *
You feel better.
The centaur shoots an arrow.
The arrow hits you.
* * * LOW HITPOINT WARNING * * *
The centaur hits you.
* * * LOW HITPOINT WARNING * * *
The centaur kicks you but does no damage.
The centaur shoots an arrow.
The arrow hits you!
* * * LOW HITPOINT WARNING * * *
You completely miss the centaur.
The centaur is almost dead.
The centaur hits you but does no damage.
The centaur kicks you.
* * * LOW HITPOINT WARNING * * *
The centaur shoots an arrow.
The arrow hits you.
You die...

.# ..? ..# ...## #.#
#....#######..##
.....!.........####
.............#....##
......$.......##...
#.....c@.......#
##....#........#
#....#........##
#........<.....#
#...........##.#
##.........##
#......c..##
............#
#####......##


You could see 2 centaurs.

Vanquished Creatures
  An ogre (D:4)
  A hound (D:4)
  An iguana (D:4)
  Natasha (thrice) (D:2)
  A hound skeleton (D:4)
  3 adders
  A shadow imp (D:5)
  An adder zombie (D:1)
  2 worms (D:2)
  A dart slug (D:2)
  7 orcs
  9 ball pythons
  2 bats (D:2)
  3 endoplasms (D:1)
  4 giant cockroaches
  10 goblins
  5 hobgoblins
  3 jackals (D:1)
  6 kobolds
  3 quokkas
  3 frilled lizards
  A quokka zombie (D:1)
  2 rats (D:1)
73 creatures vanquished.

Vanquished Creatures (others)
  A human (D:3)
  An adder (D:4)
  An orc (D:4)
  A hobgoblin (D:4)
  2 plants (D:1)
6 creatures vanquished.

Grand Total: 79 creatures vanquished

Notes
Turn   | Place    | Note
-------+----------+-------------------------------------------
     0 | D:1      | avis the Hill Orc Monk began the quest for the Orb.
     0 | D:1      | Reached XP level 1. HP: 19/19 MP: 1/1
   131 | D:1      | Found Ykadeo's Weapon Boutique.
   135 | D:1      | Reached XP level 2. HP: 25/27 MP: 2/2
   214 | D:1      | Found Ekhlem's Distillery.
   496 | D:1      | Reached skill level 5 in Axes
   621 | D:1      | Reached XP level 3. HP: 30/33 MP: 3/3
   648 | D:1      | Found a faded altar of an unknown god.
   924 | D:1      | Found Fuptiv's Antique Weapon Shop.
   925 | D:1      | Found Rimishidd's Antique Armour Boutique.
  1932 | D:2      | Reached XP level 4. HP: 35/41 MP: 4/4
  1935 | D:2      | Found a sacrificial altar of Ru.
  2196 | D:2      | Noticed Natasha
  2206 | D:2      | Killed Natasha
  2207 | D:2      | Reached skill level 6 in Axes
  2284 | D:2      | Noticed Natasha
  2297 | D:2      | Killed Natasha
  2298 | D:2      | Reached XP level 5. HP: 29/47 MP: 5/5
  2732 | D:2      | Found a runed translucent door.
  2733 | D:2      | Noticed Crazy Yiuf
  2936 | D:2      | Noticed Natasha
  2958 | D:2      | Killed Natasha
  2959 | D:2      | Reached skill level 5 in Fighting
  3600 | D:3      | Found an ancient bone altar of Kikubaaqudgha.
  3918 | D:3      | Noticed a human
  3921 | D:3      | Killed a human
  4209 | D:3      | Found a glowing golden altar of the Shining One.
  4211 | D:3      | Reached skill level 7 in Axes
  4607 | D:4      | Became a worshipper of Beogh the Brigand
  4607 | D:4      | Reached * piety under Beogh
  4607 | D:4      | Reached ** piety under Beogh
  4899 | D:4      | Found a hide-covered altar of Uskayaw.
  4953 | D:4      | Reached XP level 6. HP: 48/56 MP: 6/6
  5377 | D:4      | Reached skill level 8 in Axes
  5498 | D:5      | Entered Level 5 of the Dungeon
  5711 | D:5      | HP: 2/57 [centaur (2)]
  5713 | D:5      | Shot with an arrow by a centaur

Illustrated notes

Levels and vault maps discovered:
D:1:      saegor_arrival_fortress, layout_basic, serial_shops, shop_fountains,
          shop, shop_fountains, shop, shapermc_ecumenical_altar_gd
D:2:      layout_basic, basic_altar, uniq_crazy_yiuf_cottage, uniq_natasha
D:3:      layout_loops_ring, lemuel_coloured_pillars_altar, tgw_kikubaaqudgha,
          lemuel_flame_loot_1
D:4:      layout_loops_ring, mainiacjoe_overflow_alcove_1
D:5:      layout_layer_cave, grunt_temple_overflow_open,
          lemuel_zombie_altar_yredelemnul, serial_glass, glass_columns_a,
          glass_columns_a, glass_columns_c, glass_columns_a, glass_columns_c,
          glass_columns_a, glass_columns_c, glass_columns_a, saegor_snake_ambush

Skill      XL: |  1  2  3  4  5  6 |
---------------+-------------------+-----
Fighting       | 4 5 |  5.7
Axes           | 5 6 7 8 |  8.1
Dodging        | |  2.4
Stealth        | |  1.5

Action                   |  1- 3 |  4- 6 || total
-------------------------+-------+-------++-------
Melee: Hand axe          |   148 |   172 ||   320
Invok: Convert to Beogh  |       |     1 ||     1
  Use: Potion            |       |     1 ||     1
 Stab: Sleeping          |     2 |       ||     2
Armor: Plate armour      |    74 |       ||    74
       Chain mail        |    23 |    95 ||   118
Dodge: Dodged            |    37 |    48 ||    85

Table legend: (Time is in decaauts)
 A = Elapsed time spent in this place.
 B = Non-inter-level travel time spent in this place.
 C = Inter-level travel time spent in this place.
 D = Time resting spent in this place.
 E = Time spent auto-exploring this place.
 F = Levels seen in this place.
 G = Mean time per level.
                   A        B        C        D        E       F      G
               +--------+--------+--------+--------+--------+-----+--------+
         Total |   5752 |   5222 |    530 |   1102 |   3076 |   5 | 1150.4 |
       Dungeon |   5752 |   5222 |    530 |   1102 |   3076 |   5 | 1150.4 |
               +--------+--------+--------+--------+--------+-----+--------+

Top non-repeatable levels by time:
     D:2: 1900 daAuts
     D:1: 1532 daAuts
     D:3: 1188 daAuts
     D:4: 1069 daAuts
     D:5: 61 daAuts
